Connexion

Phantoms vs Moose

Created - 10 octobre 2023 at 06:11

Goals
1 2 3 T
Phantoms 0 2 1 3
Moose 2 2 3 7
Shots
1 2 3 T
Phantoms 6 14 12 32
Moose 14 13 19 46

GoalsPenalties
1st period
1. Moose , Jake Virtanen 17 (Cameron Schilling 8, Remi Elie 3) at 3:08
2. Moose , Isaac Ratcliffe 4 (Pierre Engvall 15, Thomas Hickey 7) at 15:52
Jake Mccabe (ADI) for Tripping (Minor) at 4:40
Michael McCarron (ADI) for Roughing (Minor) at 17:09
Jake Mccabe (ADI) for Holding (Minor) at 17:23
2nd period
3. Phantoms , Joshua Jacobs 5 (Tyler Sikura 10, Seth Griffith 14) at 2:46
4. Phantoms , Tyler Sikura 12 (Julien Gauthier 15, Joshua Jacobs 8) at 15:26 (PP)
5. Moose , Jacob Nilsson 2 (Fredrik Claesson 10, Thomas Hickey 8) at 16:52 (PP)
6. Moose , Nikita Scherbak 9 (Mathieu Olivier 10, Thomas Hickey 9) at 18:08
Remi Elie (MAN) for Hooking (Minor) at 12:36
Wyatte Wylie (MAN) for Hooking (Minor) at 14:47
Jake Mccabe (ADI) for Hooking (Minor) at 16:36
3rd period
7. Moose , Mathieu Olivier 5 (Nikita Scherbak 12, Cameron Schilling 9) at 0:42
8. Phantoms , Manuel Wiederer 4 (Jarred Tinordi 4, Adam Mascherin 9) at 1:02
9. Moose , Nikita Scherbak 10 (Derrick Pouliot 12, Cameron Schilling 10) at 9:29
10. Moose , Jacob Nilsson 3 (Jake Virtanen 20, Derrick Pouliot 13) at 11:43
No Penalty
Goalie Stats
Kevin Poulin (ADI), 39 saves from 46 shots - (0,848), L, 10-13-1, 60:00 minutes
Kaden Fulcher (MAN), 29 saves from 32 shots - (0,906), W, 15-7-4, 60:00 minutes
3 StarsOfficial
1 - Nikita Scherbak (MAN)
2 - Mathieu Olivier (MAN)
3 - Cameron Schilling (MAN)
Referees : Ian Walsh and Brian Pochmara
Linesman : Shane Heyer and Brad Kovachik
Game Note
No Game Note
Finance
Level 1 -- Attendance: 1762 (88,10%) -- Ticket Income 61 670 $
Level 2 -- Attendance: 902 (90,20%) -- Ticket Income 13 530 $
Total Attendance: 2664 (88,80%)
Total Ticket Income: 75 200 $
Other Income: 15 040 $
Total Income: 90 240 $



Team Name Goals Shots Shots Attemp Shots Blocked PIM HIT PP PK FO%
Phantoms 33258168251 / 2 (50%)140%
Moose 7469694181 / 4 (25%)160%

Phantoms
Player Name POS G A P +/- PIM HIT SHT SB MP PP MP PP SHT PK MP PK SHT FO% FOT
Adam MascherinC/LW0110002015:380:0000:0000% 0
Ben HarpurD000-5041421:171:0802:3900% 0
Brady KeeperD000-5014121:001:0812:2200% 0
Curtis DouglasC000000000:510:5100:0000% 1
Jake MccabeD0001630222:261:2100:1300% 0
Jarred TinordiD0110041115:210:5100:0000% 0
Joshua JacobsD1121012323:390:3902:0600% 0
Julien GauthierRW0110033123:570:5112:35044% 9
Kerby RychelLW000-4002117:410:5600:00050% 2
Logan HutskoRW000000005:220:5100:000100% 1
Lucas WallmarkC0000003116:290:5110:00038% 16
Luke HenmanC000000004:310:0000:00038% 8
Manuel WiedererC/RW1010016015:550:0000:17050% 4
Michael McCarronC/RW000-4232117:400:5600:000100% 2
Patrick SieloffD0000000116:140:0901:3500% 0
Seth GriffithC/LW/RW0110003017:580:5101:0700% 3
Tyler SikuraC/LW1120052018:560:5112:05045% 20
Victor RaskC000-4001018:480:5601:07033% 18
Moose
Player Name POS G A P +/- PIM HIT SHT SB MP PP MP PP SHT PK MP PK SHT FO% FOT
Alec RegulaD000-1010115:590:0000:0000% 0
Anthony RichardC/LW0001001010:210:0000:00067% 12
Cameron SchillingD0333000220:551:3601:1500% 0
Damien GirouxC/LW0002004020:551:4710:00057% 28
Derrick PouliotD0223011020:551:3611:1500% 0
Filip ChlapikC/LW0000000012:180:0000:00067% 15
Fredrik ClaessonD0112025123:062:5241:2300% 0
Isaac RatcliffeLW1011023010:210:0000:0000% 1
Jacob NilssonC/LW2021002014:522:4111:04061% 18
Jake VirtanenRW1121028026:412:4111:34050% 4
Mathieu OlivierLW/RW1122068020:551:4710:000100% 1
Nikita ScherbakLW/RW2132006121:441:4710:49050% 2
Patrick MaroonLW000000010:590:0000:5900% 1
Pierre EngvallLW/RW0112005024:252:4110:50050% 2
Remi ElieLW0110213012:170:0000:0000% 0
Ryan DmowskiLW000000001:330:0000:0000% 0
Thomas Hickey D0332000223:062:5201:2300% 0
Wyatte WylieD000-1230115:580:0000:0000% 0



Play-by-Play

1st period


0:01 of 1st period - Jacob Nilsson wins face-off versus Tyler Sikura in neutral zone.
0:01 of 1st period - Jake Virtanen is hit by Tyler Sikura.
0:20 of 1st period - Pierre Engvall is hit by Julien Gauthier and loses puck.
1:17 of 1st period - Shot by Victor Rask.
1:17 of 1st period - Deflect By Michael McCarron.
1:17 of 1st period - Shot Blocked by Fredrik Claesson.
1:23 of 1st period - Shot by Kerby Rychel.
1:23 of 1st period - Stopped by Kaden Fulcher with a rebound.
1:25 of 1st period - Shot by Kerby Rychel.
1:25 of 1st period - Shot Misses the Net.
1:27 of 1st period - Shot by Kerby Rychel.
1:27 of 1st period - Stopped by Kaden Fulcher without a rebound.
1:28 of 1st period - Damien Giroux wins face-off versus Lucas Wallmark in Moose zone.
1:43 of 1st period - Shot by Damien Giroux.
1:43 of 1st period - Shot Misses the Net.
1:47 of 1st period - Shot by Mathieu Olivier.
1:47 of 1st period - Shot Misses the Net.
1:49 of 1st period - Shot by Mathieu Olivier.
1:49 of 1st period - Shot Misses the Net.
1:51 of 1st period - Shot by Nikita Scherbak.
1:51 of 1st period - Shot Misses the Net.
1:53 of 1st period - Shot by Mathieu Olivier.
1:53 of 1st period - Shot Blocked by Lucas Wallmark.
1:55 of 1st period - Shot by Mathieu Olivier.
1:55 of 1st period - Deflect By Nikita Scherbak.
1:55 of 1st period - Stopped by Kevin Poulin without a rebound.
1:56 of 1st period - Filip Chlapik wins face-off versus Luke Henman in Phantoms zone.
2:02 of 1st period - Icing by Jake Mccabe.
2:03 of 1st period - Luke Henman wins face-off versus Damien Giroux in Phantoms zone.
2:03 of 1st period - Luke Henman is hit by Mathieu Olivier.
2:39 of 1st period - Icing by Alec Regula.
2:40 of 1st period - Damien Giroux wins face-off versus Victor Rask in Moose zone.
3:08 of 1st period - Shot by Jake Virtanen.
3:08 of 1st period - Goal by Jake Virtanen - Phantoms : 0 - Moose : 1.
3:09 of 1st period - Lucas Wallmark wins face-off versus Anthony Richard in neutral zone.
3:43 of 1st period - Icing by Patrick Sieloff.
3:44 of 1st period - Filip Chlapik wins face-off versus Lucas Wallmark in Phantoms zone.
4:40 of 1st period - Minor Penalty to Jake Mccabe for Tripping.
4:41 of 1st period - Damien Giroux wins face-off versus Julien Gauthier in Phantoms zone.
5:14 of 1st period - Shot by Damien Giroux.
5:14 of 1st period - Stopped by Kevin Poulin without a rebound.
5:15 of 1st period - Jacob Nilsson wins face-off versus Julien Gauthier in Phantoms zone.
5:24 of 1st period - Shot by Pierre Engvall.
5:24 of 1st period - Stopped by Kevin Poulin with a rebound.
6:00 of 1st period - Icing by Pierre Engvall.
6:01 of 1st period - Jacob Nilsson wins face-off versus Seth Griffith in Moose zone.
6:14 of 1st period - Shot by Victor Rask.
6:14 of 1st period - Shot Blocked by Thomas Hickey .
6:22 of 1st period - Shot by Mathieu Olivier.
6:22 of 1st period - Shot Blocked by Ben Harpur.
6:24 of 1st period - Shot by Nikita Scherbak.
6:24 of 1st period - Stopped by Kevin Poulin with a rebound.
6:26 of 1st period - Shot by Fredrik Claesson.
6:26 of 1st period - Stopped by Kevin Poulin with a rebound.
6:28 of 1st period - Shot by Fredrik Claesson.
6:28 of 1st period - Shot Misses the Net.
7:14 of 1st period - Shot by Manuel Wiederer.
7:14 of 1st period - Stopped by Kaden Fulcher without a rebound.
7:15 of 1st period - Luke Henman wins face-off versus Damien Giroux in Moose zone.
7:22 of 1st period - Luke Henman is hit by Mathieu Olivier and loses puck.
7:30 of 1st period - Icing by Julien Gauthier.
7:31 of 1st period - Filip Chlapik wins face-off versus Luke Henman in Phantoms zone.
7:36 of 1st period - Shot by Jake Virtanen.
7:36 of 1st period - Shot Blocked by Patrick Sieloff.
7:42 of 1st period - Shot by Julien Gauthier.
7:42 of 1st period - Shot Blocked by Thomas Hickey .
7:44 of 1st period - Shot by Luke Henman.
7:44 of 1st period - Shot Misses the Net.
7:46 of 1st period - Shot by Julien Gauthier.
7:46 of 1st period - Stopped by Kaden Fulcher without a rebound.
7:47 of 1st period - Damien Giroux wins face-off versus Victor Rask in Moose zone.
8:25 of 1st period - Off-side.
8:26 of 1st period - Jacob Nilsson wins face-off versus Seth Griffith in neutral zone.
8:53 of 1st period - Shot by Pierre Engvall.
8:53 of 1st period - Deflect By Jake Virtanen.
8:53 of 1st period - Shot Misses the Net.
8:55 of 1st period - Shot by Pierre Engvall.
8:55 of 1st period - Shot Misses the Net.
8:57 of 1st period - Shot by Pierre Engvall.
8:57 of 1st period - Shot Misses the Net.
8:59 of 1st period - Shot by Jacob Nilsson.
8:59 of 1st period - Shot Misses the Net.
9:01 of 1st period - Shot by Jacob Nilsson.
9:01 of 1st period - Shot Misses the Net.
9:03 of 1st period - Shot by Jake Virtanen.
9:03 of 1st period - Stopped by Kevin Poulin without a rebound.
9:04 of 1st period - Lucas Wallmark wins face-off versus Damien Giroux in Phantoms zone.
9:04 of 1st period - Manuel Wiederer is hit by Mathieu Olivier and loses puck.
9:21 of 1st period - Shot by Mathieu Olivier.
9:21 of 1st period - Shot Misses the Net.
12:19 of 1st period - Off-side.
12:20 of 1st period - Damien Giroux wins face-off versus Luke Henman in neutral zone.
12:35 of 1st period - Logan Hutsko is hit by Alec Regula and loses puck.
12:44 of 1st period - Shot by Nikita Scherbak.
12:44 of 1st period - Shot Misses the Net.
12:46 of 1st period - Shot by Wyatte Wylie.
12:46 of 1st period - Shot Misses the Net.
13:24 of 1st period - Isaac Ratcliffe is hit by Jarred Tinordi and loses puck.
15:10 of 1st period - Shot by Julien Gauthier.
15:10 of 1st period - Shot Blocked by Cameron Schilling.
15:24 of 1st period - Shot by Lucas Wallmark.
15:24 of 1st period - Stopped by Kaden Fulcher without a rebound.
15:25 of 1st period - Anthony Richard wins face-off versus Lucas Wallmark in Moose zone.
15:36 of 1st period - Shot by Pierre Engvall.
15:36 of 1st period - Deflect By Isaac Ratcliffe.
15:36 of 1st period - Shot Misses the Net.
15:52 of 1st period - Shot by Isaac Ratcliffe.
15:52 of 1st period - Goal by Isaac Ratcliffe - Phantoms : 0 - Moose : 2.
15:53 of 1st period - Filip Chlapik wins face-off versus Tyler Sikura in neutral zone.
16:34 of 1st period - Shot by Victor Rask.
16:34 of 1st period - Stopped by Kaden Fulcher without a rebound.
16:35 of 1st period - Anthony Richard wins face-off versus Victor Rask in Moose zone.
16:40 of 1st period - Joshua Jacobs is hit by Isaac Ratcliffe and loses puck.
16:45 of 1st period - Shot by Pierre Engvall.
16:45 of 1st period - Stopped by Kevin Poulin without a rebound.
16:46 of 1st period - Manuel Wiederer wins face-off versus Anthony Richard in Phantoms zone.
16:59 of 1st period - Shot by Adam Mascherin.
16:59 of 1st period - Deflect By Lucas Wallmark.
16:59 of 1st period - Shot Misses the Net.
17:02 of 1st period - Icing by Thomas Hickey .
17:03 of 1st period - Anthony Richard wins face-off versus Victor Rask in Moose zone.
17:09 of 1st period - Minor Penalty to Michael McCarron for Roughing.
17:10 of 1st period - Damien Giroux wins face-off versus Julien Gauthier in Phantoms zone.
17:10 of 1st period - Nikita Scherbak is hit by Joshua Jacobs.
17:22 of 1st period - Shot by Derrick Pouliot.
17:22 of 1st period - Stopped by Kevin Poulin with a rebound.
17:23 of 1st period - Minor Penalty to Jake Mccabe for Holding.
17:24 of 1st period - Julien Gauthier wins face-off versus Jacob Nilsson in Phantoms zone.
17:24 of 1st period - Julien Gauthier is hit by Jake Virtanen.
17:50 of 1st period - Shot by Jake Virtanen.
17:50 of 1st period - Stopped by Kevin Poulin with a rebound.
17:52 of 1st period - Shot by Fredrik Claesson.
17:52 of 1st period - Stopped by Kevin Poulin without a rebound.
17:53 of 1st period - Tyler Sikura wins face-off versus Damien Giroux in Phantoms zone.
18:20 of 1st period - Shot by Mathieu Olivier.
18:20 of 1st period - Stopped by Kevin Poulin without a rebound.
18:21 of 1st period - Julien Gauthier wins face-off versus Jacob Nilsson in Phantoms zone.
18:48 of 1st period - Icing by Jacob Nilsson.
18:49 of 1st period - Jacob Nilsson wins face-off versus Julien Gauthier in Moose zone.
18:56 of 1st period - Shot by Pierre Engvall.
18:56 of 1st period - Shot Blocked by Brady Keeper.
19:06 of 1st period - Shot by Thomas Hickey .
19:06 of 1st period - Shot Misses the Net.
19:08 of 1st period - Shot by Pierre Engvall.
19:08 of 1st period - Shot Misses the Net.
19:30 of 1st period - Shot by Damien Giroux.
19:30 of 1st period - Shot Misses the Net.
19:32 of 1st period - Shot by Derrick Pouliot.
19:32 of 1st period - Shot Blocked by Jake Mccabe.
19:34 of 1st period - Shot by Nikita Scherbak.
19:34 of 1st period - Stopped by Kevin Poulin without a rebound.
19:35 of 1st period - Damien Giroux wins face-off versus Lucas Wallmark in Phantoms zone.
19:41 of 1st period - Damien Giroux is hit by Ben Harpur and loses puck.
19:48 of 1st period - Shot by Nikita Scherbak.
19:48 of 1st period - Shot Misses the Net.
Goals for this period are 0 for Phantoms vs 2 for Moose.
Shots for this period are 6 for Phantoms vs 14 for Moose.

2nd period


0:01 of 2nd period - Jake Virtanen wins face-off versus Tyler Sikura in neutral zone.
0:08 of 2nd period - Shot by Jake Virtanen.
0:08 of 2nd period - Stopped by Kevin Poulin with a rebound.
0:12 of 2nd period - Shot by Jake Virtanen.
0:12 of 2nd period - Shot Misses the Net.
1:07 of 2nd period - Shot by Mathieu Olivier.
1:07 of 2nd period - Stopped by Kevin Poulin without a rebound.
1:08 of 2nd period - Victor Rask wins face-off versus Filip Chlapik in Phantoms zone.
1:18 of 2nd period - Icing by Brady Keeper.
1:19 of 2nd period - Damien Giroux wins face-off versus Victor Rask in Phantoms zone.
1:28 of 2nd period - Shot by Brady Keeper.
1:28 of 2nd period - Shot Blocked by Nikita Scherbak.
1:30 of 2nd period - Shot by Ben Harpur.
1:30 of 2nd period - Stopped by Kaden Fulcher with a rebound.
1:32 of 2nd period - Shot by Brady Keeper.
1:32 of 2nd period - Shot Misses the Net.
1:48 of 2nd period - Shot by Mathieu Olivier.
1:48 of 2nd period - Stopped by Kevin Poulin without a rebound.
1:49 of 2nd period - Jacob Nilsson wins face-off versus Manuel Wiederer in Phantoms zone.
1:49 of 2nd period - Jacob Nilsson is hit by Jarred Tinordi.
1:55 of 2nd period - Shot by Pierre Engvall.
1:55 of 2nd period - Deflect By Jacob Nilsson.
1:55 of 2nd period - Shot Misses the Net.
2:00 of 2nd period - Manuel Wiederer is hit by Fredrik Claesson and loses puck.
2:03 of 2nd period - Shot by Manuel Wiederer.
2:03 of 2nd period - Stopped by Kaden Fulcher without a rebound.
2:04 of 2nd period - Luke Henman wins face-off versus Filip Chlapik in Moose zone.
2:04 of 2nd period - Luke Henman is hit by Wyatte Wylie.
2:08 of 2nd period - Shot by Joshua Jacobs.
2:08 of 2nd period - Stopped by Kaden Fulcher without a rebound.
2:09 of 2nd period - Michael McCarron wins face-off versus Jacob Nilsson in Moose zone.
2:21 of 2nd period - Off-side.
2:22 of 2nd period - Tyler Sikura wins face-off versus Damien Giroux in neutral zone.
2:25 of 2nd period - Nikita Scherbak is hit by Tyler Sikura and loses puck.
2:44 of 2nd period - Shot by Tyler Sikura.
2:44 of 2nd period - Shot Misses the Net.
2:46 of 2nd period - Shot by Joshua Jacobs.
2:46 of 2nd period - Goal by Joshua Jacobs - Phantoms : 1 - Moose : 2.
2:47 of 2nd period - Jacob Nilsson wins face-off versus Victor Rask in neutral zone.
3:26 of 2nd period - Shot by Pierre Engvall.
3:26 of 2nd period - Shot Misses the Net.
3:28 of 2nd period - Shot by Jake Virtanen.
3:28 of 2nd period - Shot Hit the Post.
3:37 of 2nd period - Off-side.
3:38 of 2nd period - Damien Giroux wins face-off versus Tyler Sikura in neutral zone.
3:57 of 2nd period - Shot by Mathieu Olivier.
3:57 of 2nd period - Stopped by Kevin Poulin without a rebound.
3:58 of 2nd period - Filip Chlapik wins face-off versus Lucas Wallmark in Phantoms zone.
3:58 of 2nd period - Alec Regula is hit by Jarred Tinordi and loses puck.
4:35 of 2nd period - Shot by Lucas Wallmark.
4:35 of 2nd period - Stopped by Kaden Fulcher with a rebound.
4:37 of 2nd period - Shot by Manuel Wiederer.
4:37 of 2nd period - Stopped by Kaden Fulcher without a rebound.
4:38 of 2nd period - Tyler Sikura wins face-off versus Damien Giroux in Moose zone.
4:38 of 2nd period - Tyler Sikura is hit by Fredrik Claesson.
4:44 of 2nd period - Shot by Seth Griffith.
4:44 of 2nd period - Stopped by Kaden Fulcher with a rebound.
5:06 of 2nd period - Shot by Damien Giroux.
5:06 of 2nd period - Stopped by Kevin Poulin without a rebound.
5:07 of 2nd period - Pierre Engvall wins face-off versus Kerby Rychel in Phantoms zone.
5:38 of 2nd period - Shot by Pierre Engvall.
5:38 of 2nd period - Deflect By Isaac Ratcliffe.
5:38 of 2nd period - Shot Hit the Post.
5:44 of 2nd period - Derrick Pouliot is hit by Michael McCarron and loses puck.
5:56 of 2nd period - Off-side.
5:57 of 2nd period - Filip Chlapik wins face-off versus Tyler Sikura in neutral zone.
6:05 of 2nd period - Jake Virtanen is hit by Jake Mccabe and loses puck.
6:14 of 2nd period - Shot by Remi Elie.
6:14 of 2nd period - Stopped by Kevin Poulin without a rebound.
6:15 of 2nd period - Lucas Wallmark wins face-off versus Damien Giroux in Phantoms zone.
8:16 of 2nd period - Shot by Fredrik Claesson.
8:16 of 2nd period - Stopped by Kevin Poulin with a rebound.
8:26 of 2nd period - Shot by Victor Rask.
8:26 of 2nd period - Deflect By Michael McCarron.
8:26 of 2nd period - Stopped by Kaden Fulcher without a rebound.
8:27 of 2nd period - Lucas Wallmark wins face-off versus Filip Chlapik in Moose zone.
9:05 of 2nd period - Shot by Jake Virtanen.
9:05 of 2nd period - Stopped by Kevin Poulin with a rebound.
9:18 of 2nd period - Off-side.
9:19 of 2nd period - Anthony Richard wins face-off versus Tyler Sikura in neutral zone.
9:19 of 2nd period - Anthony Richard is hit by Julien Gauthier.
9:37 of 2nd period - Shot by Pierre Engvall.
9:37 of 2nd period - Shot Misses the Net.
9:44 of 2nd period - Anthony Richard is hit by Jake Mccabe and loses puck.
9:47 of 2nd period - Shot by Anthony Richard.
9:47 of 2nd period - Stopped by Kevin Poulin without a rebound.
9:48 of 2nd period - Victor Rask wins face-off versus Jacob Nilsson in Phantoms zone.
10:15 of 2nd period - Shot by Jacob Nilsson.
10:15 of 2nd period - Shot Blocked by Kerby Rychel.
10:39 of 2nd period - Shot by Mathieu Olivier.
10:39 of 2nd period - Shot Blocked by Michael McCarron.
11:32 of 2nd period - Jake Mccabe is hit by Isaac Ratcliffe and loses puck.
11:58 of 2nd period - Tyler Sikura is hit by Wyatte Wylie and loses puck.
12:21 of 2nd period - Thomas Hickey is hit by Tyler Sikura and loses puck.
12:36 of 2nd period - Minor Penalty to Remi Elie for Hooking.
12:37 of 2nd period - Logan Hutsko wins face-off versus Nikita Scherbak in Moose zone.
12:37 of 2nd period - Logan Hutsko is hit by Derrick Pouliot.
12:43 of 2nd period - Shot by Jarred Tinordi.
12:43 of 2nd period - Shot Misses the Net.
12:45 of 2nd period - Shot by Lucas Wallmark.
12:45 of 2nd period - Stopped by Kaden Fulcher without a rebound.
12:46 of 2nd period - Nikita Scherbak wins face-off versus Curtis Douglas in Moose zone.
13:13 of 2nd period - Shot by Jarred Tinordi.
13:13 of 2nd period - Shot Blocked by Patrick Maroon.
13:39 of 2nd period - Shot by Brady Keeper.
13:39 of 2nd period - Stopped by Kaden Fulcher without a rebound.
13:40 of 2nd period - Victor Rask wins face-off versus Patrick Maroon in Moose zone.
14:47 of 2nd period - Minor Penalty to Wyatte Wylie for Hooking.
14:48 of 2nd period - Tyler Sikura wins face-off versus Jake Virtanen in Moose zone.
14:51 of 2nd period - Shot by Julien Gauthier.
14:51 of 2nd period - Stopped by Kaden Fulcher without a rebound.
14:52 of 2nd period - Jake Virtanen wins face-off versus Tyler Sikura in Moose zone.
15:09 of 2nd period - Fredrik Claesson is hit by Tyler Sikura and loses puck.
15:24 of 2nd period - Shot by Joshua Jacobs.
15:24 of 2nd period - Shot Misses the Net.
15:26 of 2nd period - Shot by Julien Gauthier.
15:26 of 2nd period - Deflect By Tyler Sikura.
15:26 of 2nd period - Goal by Tyler Sikura - Phantoms : 2 - Moose : 2.
15:27 of 2nd period - Lucas Wallmark wins face-off versus Damien Giroux in neutral zone.
16:36 of 2nd period - Minor Penalty to Jake Mccabe for Hooking.
16:37 of 2nd period - Jacob Nilsson wins face-off versus Julien Gauthier in Phantoms zone.
16:38 of 2nd period - Shot by Fredrik Claesson.
16:38 of 2nd period - Shot Misses the Net.
16:40 of 2nd period - Shot by Fredrik Claesson.
16:40 of 2nd period - Stopped by Kevin Poulin with a rebound.
16:42 of 2nd period - Shot by Thomas Hickey .
16:42 of 2nd period - Shot Blocked by Ben Harpur.
16:44 of 2nd period - Shot by Pierre Engvall.
16:44 of 2nd period - Shot Misses the Net.
16:46 of 2nd period - Shot by Fredrik Claesson.
16:46 of 2nd period - Shot Misses the Net.
16:48 of 2nd period - Shot by Thomas Hickey .
16:48 of 2nd period - Shot Misses the Net.
16:50 of 2nd period - Shot by Fredrik Claesson.
16:50 of 2nd period - Stopped by Kevin Poulin with a rebound.
16:52 of 2nd period - Shot by Jacob Nilsson.
16:52 of 2nd period - Goal by Jacob Nilsson - Phantoms : 2 - Moose : 3.
16:53 of 2nd period - Anthony Richard wins face-off versus Victor Rask in neutral zone.
18:02 of 2nd period - Shot by Nikita Scherbak.
18:02 of 2nd period - Shot Misses the Net.
18:04 of 2nd period - Shot by Mathieu Olivier.
18:04 of 2nd period - Shot Blocked by Ben Harpur.
18:06 of 2nd period - Shot by Mathieu Olivier.
18:06 of 2nd period - Shot Blocked by Julien Gauthier.
18:08 of 2nd period - Shot by Nikita Scherbak.
18:08 of 2nd period - Goal by Nikita Scherbak - Phantoms : 2 - Moose : 4.
18:09 of 2nd period - Manuel Wiederer wins face-off versus Filip Chlapik in neutral zone.
18:13 of 2nd period - Adam Mascherin is hit by Remi Elie.
19:14 of 2nd period - Icing by Nikita Scherbak.
19:15 of 2nd period - Tyler Sikura wins face-off versus Damien Giroux in Moose zone.
19:20 of 2nd period - Shot by Tyler Sikura.
19:20 of 2nd period - Shot Misses the Net.
19:42 of 2nd period - Shot by Tyler Sikura.
19:42 of 2nd period - Stopped by Kaden Fulcher without a rebound.
19:43 of 2nd period - Kerby Rychel wins face-off versus Pierre Engvall in Moose zone.
19:52 of 2nd period - Shot by Michael McCarron.
19:52 of 2nd period - Shot Blocked by Alec Regula.
19:54 of 2nd period - Shot by Brady Keeper.
19:54 of 2nd period - Stopped by Kaden Fulcher with a rebound.
Goals for this period are 2 for Phantoms vs 2 for Moose.
Shots for this period are 14 for Phantoms vs 13 for Moose.

3rd period


0:01 of 3rd period - Jacob Nilsson wins face-off versus Seth Griffith in neutral zone.
0:10 of 3rd period - Shot by Jake Virtanen.
0:10 of 3rd period - Deflect By Pierre Engvall.
0:10 of 3rd period - Shot Misses the Net.
0:12 of 3rd period - Shot by Thomas Hickey .
0:12 of 3rd period - Shot Misses the Net.
0:14 of 3rd period - Shot by Pierre Engvall.
0:14 of 3rd period - Stopped by Kevin Poulin with a rebound.
0:26 of 3rd period - Shot by Jake Virtanen.
0:26 of 3rd period - Shot Blocked by Joshua Jacobs.
0:30 of 3rd period - Shot by Pierre Engvall.
0:30 of 3rd period - Stopped by Kevin Poulin without a rebound.
0:31 of 3rd period - Damien Giroux wins face-off versus Victor Rask in Phantoms zone.
0:42 of 3rd period - Shot by Mathieu Olivier.
0:42 of 3rd period - Goal by Mathieu Olivier - Phantoms : 2 - Moose : 5.
0:43 of 3rd period - Filip Chlapik wins face-off versus Manuel Wiederer in neutral zone.
0:53 of 3rd period - Patrick Sieloff is hit by Wyatte Wylie and loses puck.
0:58 of 3rd period - Shot by Adam Mascherin.
0:58 of 3rd period - Shot Misses the Net.
1:02 of 3rd period - Shot by Manuel Wiederer.
1:02 of 3rd period - Goal by Manuel Wiederer - Phantoms : 3 - Moose : 5.
1:03 of 3rd period - Damien Giroux wins face-off versus Tyler Sikura in neutral zone.
1:03 of 3rd period - Thomas Hickey is hit by Tyler Sikura and loses puck.
1:26 of 3rd period - Shot by Seth Griffith.
1:26 of 3rd period - Stopped by Kaden Fulcher without a rebound.
1:27 of 3rd period - Victor Rask wins face-off versus Jacob Nilsson in Moose zone.
1:40 of 3rd period - Jake Virtanen is hit by Michael McCarron and loses puck.
3:02 of 3rd period - Shot by Julien Gauthier.
3:02 of 3rd period - Shot Misses the Net.
3:32 of 3rd period - Damien Giroux is hit by Jarred Tinordi and loses puck.
3:35 of 3rd period - Shot by Mathieu Olivier.
3:35 of 3rd period - Stopped by Kevin Poulin with a rebound.
3:37 of 3rd period - Shot by Fredrik Claesson.
3:37 of 3rd period - Shot Misses the Net.
3:39 of 3rd period - Shot by Nikita Scherbak.
3:39 of 3rd period - Stopped by Kevin Poulin without a rebound.
3:40 of 3rd period - Damien Giroux wins face-off versus Luke Henman in Phantoms zone.
3:45 of 3rd period - Shot by Mathieu Olivier.
3:45 of 3rd period - Stopped by Kevin Poulin without a rebound.
3:46 of 3rd period - Julien Gauthier wins face-off versus Damien Giroux in Phantoms zone.
3:46 of 3rd period - Julien Gauthier is hit by Mathieu Olivier.
4:16 of 3rd period - Shot by Damien Giroux.
4:16 of 3rd period - Stopped by Kevin Poulin without a rebound.
4:17 of 3rd period - Filip Chlapik wins face-off versus Victor Rask in Phantoms zone.
5:22 of 3rd period - Shot by Manuel Wiederer.
5:22 of 3rd period - Stopped by Kaden Fulcher with a rebound.
5:28 of 3rd period - Shot by Adam Mascherin.
5:28 of 3rd period - Stopped by Kaden Fulcher with a rebound.
5:32 of 3rd period - Shot by Manuel Wiederer.
5:32 of 3rd period - Shot Misses the Net.
5:34 of 3rd period - Shot by Jarred Tinordi.
5:34 of 3rd period - Stopped by Kaden Fulcher without a rebound.
5:35 of 3rd period - Julien Gauthier wins face-off versus Anthony Richard in Moose zone.
5:50 of 3rd period - Shot by Julien Gauthier.
5:50 of 3rd period - Shot Misses the Net.
7:06 of 3rd period - Shot by Damien Giroux.
7:06 of 3rd period - Shot Misses the Net.
7:52 of 3rd period - Icing by Patrick Sieloff.
7:53 of 3rd period - Jacob Nilsson wins face-off versus Lucas Wallmark in Phantoms zone.
7:54 of 3rd period - Shot by Jake Virtanen.
7:54 of 3rd period - Stopped by Kevin Poulin with a rebound.
8:32 of 3rd period - Off-side.
8:33 of 3rd period - Tyler Sikura wins face-off versus Anthony Richard in neutral zone.
8:36 of 3rd period - Shot by Julien Gauthier.
8:36 of 3rd period - Deflect By Seth Griffith.
8:36 of 3rd period - Stopped by Kaden Fulcher without a rebound.
8:37 of 3rd period - Filip Chlapik wins face-off versus Tyler Sikura in Moose zone.
9:11 of 3rd period - Off-side.
9:12 of 3rd period - Damien Giroux wins face-off versus Victor Rask in neutral zone.
9:14 of 3rd period - Derrick Pouliot is hit by Ben Harpur and loses puck.
9:20 of 3rd period - Mathieu Olivier is hit by Ben Harpur and loses puck.
9:29 of 3rd period - Shot by Nikita Scherbak.
9:29 of 3rd period - Goal by Nikita Scherbak - Phantoms : 3 - Moose : 6.
9:30 of 3rd period - Anthony Richard wins face-off versus Luke Henman in neutral zone.
9:43 of 3rd period - Pierre Engvall is hit by Julien Gauthier and loses puck.
10:01 of 3rd period - Shot by Luke Henman.
10:01 of 3rd period - Shot Blocked by Wyatte Wylie.
10:39 of 3rd period - Shot by Nikita Scherbak.
10:39 of 3rd period - Shot Blocked by Joshua Jacobs.
10:43 of 3rd period - Shot by Damien Giroux.
10:43 of 3rd period - Stopped by Kevin Poulin with a rebound.
10:47 of 3rd period - Shot by Mathieu Olivier.
10:47 of 3rd period - Shot Blocked by Joshua Jacobs.
10:49 of 3rd period - Shot by Mathieu Olivier.
10:49 of 3rd period - Shot Blocked by Jake Mccabe.
11:09 of 3rd period - Shot by Jake Virtanen.
11:09 of 3rd period - Stopped by Kevin Poulin without a rebound.
11:10 of 3rd period - Michael McCarron wins face-off versus Jacob Nilsson in Phantoms zone.
11:10 of 3rd period - Michael McCarron is hit by Jake Virtanen.
11:26 of 3rd period - Pierre Engvall is hit by Brady Keeper and loses puck.
11:37 of 3rd period - Shot by Pierre Engvall.
11:37 of 3rd period - Shot Blocked by Ben Harpur.
11:43 of 3rd period - Shot by Jake Virtanen.
11:43 of 3rd period - Deflect By Jacob Nilsson.
11:43 of 3rd period - Goal by Jacob Nilsson - Phantoms : 3 - Moose : 7.
11:44 of 3rd period - Mathieu Olivier wins face-off versus Lucas Wallmark in neutral zone.
11:47 of 3rd period - Lucas Wallmark is hit by Mathieu Olivier and loses puck.
12:17 of 3rd period - Icing by Wyatte Wylie.
12:18 of 3rd period - Damien Giroux wins face-off versus Victor Rask in Moose zone.
12:35 of 3rd period - Shot by Michael McCarron.
12:35 of 3rd period - Shot Misses the Net.
12:37 of 3rd period - Shot by Michael McCarron.
12:37 of 3rd period - Shot Misses the Net.
12:39 of 3rd period - Shot by Victor Rask.
12:39 of 3rd period - Shot Misses the Net.
13:05 of 3rd period - Icing by Brady Keeper.
13:06 of 3rd period - Jacob Nilsson wins face-off versus Victor Rask in Phantoms zone.
13:09 of 3rd period - Shot by Pierre Engvall.
13:09 of 3rd period - Shot Misses the Net.
13:25 of 3rd period - Fredrik Claesson is hit by Manuel Wiederer and loses puck.
13:30 of 3rd period - Shot by Manuel Wiederer.
13:30 of 3rd period - Stopped by Kaden Fulcher without a rebound.
13:31 of 3rd period - Filip Chlapik wins face-off versus Tyler Sikura in Moose zone.
14:23 of 3rd period - Shot by Pierre Engvall.
14:23 of 3rd period - Stopped by Kevin Poulin without a rebound.
14:24 of 3rd period - Anthony Richard wins face-off versus Lucas Wallmark in Phantoms zone.
14:27 of 3rd period - Shot by Isaac Ratcliffe.
14:27 of 3rd period - Stopped by Kevin Poulin without a rebound.
14:28 of 3rd period - Anthony Richard wins face-off versus Lucas Wallmark in Phantoms zone.
14:31 of 3rd period - Shot by Isaac Ratcliffe.
14:31 of 3rd period - Stopped by Kevin Poulin with a rebound.
15:31 of 3rd period - Shot by Kerby Rychel.
15:31 of 3rd period - Deflect By Michael McCarron.
15:31 of 3rd period - Stopped by Kaden Fulcher with a rebound.
15:59 of 3rd period - Shot by Jake Virtanen.
15:59 of 3rd period - Shot Blocked by Jarred Tinordi.
16:01 of 3rd period - Shot by Remi Elie.
16:01 of 3rd period - Stopped by Kevin Poulin with a rebound.
16:03 of 3rd period - Shot by Derrick Pouliot.
16:03 of 3rd period - Deflect By Jake Virtanen.
16:03 of 3rd period - Stopped by Kevin Poulin without a rebound.
16:04 of 3rd period - Tyler Sikura wins face-off versus Damien Giroux in Phantoms zone.
16:29 of 3rd period - Icing by Wyatte Wylie.
16:30 of 3rd period - Damien Giroux wins face-off versus Lucas Wallmark in Moose zone.
16:30 of 3rd period - Damien Giroux is hit by Ben Harpur.
16:36 of 3rd period - Shot by Brady Keeper.
16:36 of 3rd period - Stopped by Kaden Fulcher without a rebound.
16:37 of 3rd period - Lucas Wallmark wins face-off versus Jake Virtanen in Moose zone.
16:38 of 3rd period - Shot by Brady Keeper.
16:38 of 3rd period - Stopped by Kaden Fulcher with a rebound.
17:16 of 3rd period - Shot by Remi Elie.
17:16 of 3rd period - Stopped by Kevin Poulin without a rebound.
17:17 of 3rd period - Damien Giroux wins face-off versus Tyler Sikura in Phantoms zone.
17:49 of 3rd period - Damien Giroux is hit by Jake Mccabe and loses puck.
17:52 of 3rd period - Shot by Mathieu Olivier.
17:52 of 3rd period - Stopped by Kevin Poulin without a rebound.
17:53 of 3rd period - Victor Rask wins face-off versus Jacob Nilsson in Phantoms zone.
18:03 of 3rd period - Wyatte Wylie is hit by Michael McCarron.
18:57 of 3rd period - Shot by Lucas Wallmark.
18:57 of 3rd period - Shot Misses the Net.
18:59 of 3rd period - Shot by Manuel Wiederer.
18:59 of 3rd period - Shot Misses the Net.
19:07 of 3rd period - Shot by Adam Mascherin.
19:07 of 3rd period - Stopped by Kaden Fulcher without a rebound.
19:08 of 3rd period - Tyler Sikura wins face-off versus Filip Chlapik in Moose zone.
19:14 of 3rd period - Off-side.
19:15 of 3rd period - Tyler Sikura wins face-off versus Damien Giroux in neutral zone.
19:15 of 3rd period - Tyler Sikura is hit by Mathieu Olivier.
19:36 of 3rd period - Shot by Julien Gauthier.
19:36 of 3rd period - Stopped by Kaden Fulcher without a rebound.
19:37 of 3rd period - Victor Rask wins face-off versus Isaac Ratcliffe in Moose zone.
19:56 of 3rd period - Shot by Victor Rask.
19:56 of 3rd period - Shot Blocked by Cameron Schilling.
Goals for this period are 1 for Phantoms vs 3 for Moose.
Shots for this period are 12 for Phantoms vs 19 for Moose.